 Dungeon Crawl Stone Soup version 0.19-b1-4-gd8a0a2a (webtiles) character file.

823 dvd the Cudgeler (level 7, -4/66 HPs)
             Began as a Troll Wanderer on Oct 30, 2016.
             Slain by Prince Ribbit (20 damage)
             ... on level 5 of the Dungeon.
             The game lasted 00:08:05 (3482 turns).

dvd the Cudgeler (Troll Wanderer)                   Turns: 3482, Time: 00:08:06

Health: -4/66      AC:  7    Str: 22    XL:     7   Next: 63%
Magic:  7/7        EV: 11    Int:  7    God:
Gold:   216        SH:  0    Dex: 11    Spells: 0 memorised, 8 levels left

rFire  . . .     SeeInvis .     a - +2 quarterstaff (chaos)
rCold  . . .     Gourm    +     c - +0 robe
rNeg   . . .     Faith    .     (shield currently unavailable)
rPois  +         Spirit   .     (helmet restricted)
rElec  .         Reflect  .     w - +1 cloak {rPois}
rCorr  .         Harm     .     (gloves unavailable)
MR     .....                    (boots unavailable)
Stlth  ++........               B - amulet of magic regeneration
                                (no ring)
                                g - ring of flight

@: no status effects
A: unfitting armour, claws 3, fast metabolism 3, gourmand, regeneration 1,
shaggy fur 1, tough skin 2
a: Evoke Flight


You were on level 5 of the Dungeon.
You were completely stuffed.

You visited 1 branch of the dungeon, and saw 5 of its levels.

You collected 216 gold pieces.

Inventory:

Hand Weapons
 a - a +2 quarterstaff of chaos (weapon)
 b - a +3 flail of draining
 n - a +2 mace
 x - a +2 mace of holy wrath
 H - a +2 whip of venom
Missiles
 r - 4 tomahawks (quivered)
Armour
 c - a +0 robe (worn)
 m - a +0 cloak
 w - a +1 cloak of poison resistance (worn)
Jewellery
 g - a ring of flight (left claw)
 B - an amulet of magic regeneration (around neck)
 E - an uncursed ring of ice
Scrolls
 e - 3 scrolls of fog {unknown}
 i - 5 scrolls of identify {unknown}
 j - 4 scrolls of remove curse {unknown}
 k - a scroll of enchant weapon {unknown}
 o - 3 scrolls of recharging {unknown}
 p - 2 scrolls of amnesia {unknown}
 v - a scroll of magic mapping {unknown}
 y - 2 scrolls of teleportation {unknown}
 C - a scroll of fear {unknown}
 D - a scroll of blinking {unknown}
 F - 2 scrolls of enchant armour {unknown}
Potions
 h - a potion of brilliance {unknown}
 l - a potion of cancellation {unknown}
 q - 4 potions of flight {unknown}
 s - a potion of resistance {unknown}
 t - 2 potions of heal wounds {unknown}
 u - 3 potions of curing {unknown}
 z - a potion of might {unknown}
Comestibles
 d - 6 bread rations
 f - a beef jerky
 A - 2 royal jellies
 G - 7 chunks of flesh


   Skills:
 + Level 2.4 Fighting
 + Level 4.1(4.8) Maces & Flails
 + Level 3.4(4.2) Staves
 + Level 2.1 Throwing
 + Level 3.9 Dodging
 + Level 1.6 Stealth
 + Level 1.2 Spellcasting
   Level 1.0 Summonings


You had 8 spell levels left.
You didn't know any spells.

Dungeon Overview and Level Annotations

Branches:
Dungeon (5/15)
 Temple: D:4-7

Altars:
Cheibriados
Fedhas

Annotations:
D:5 Prince Ribbit


Innate Abilities, Weirdness & Mutations

You are too large for most types of armour.
You have claws for hands.
Your metabolism is lightning-fast.
You like to eat raw meat.
Your natural rate of healing is unusually fast.
You are covered in fur. (AC +1)
You have very tough skin. (AC +2)


Message History

Unknown command.
HP restored.
Found 14 stones.
Prince Ribbit comes into view.
Prince Ribbit gives a loud, deep croak!
Prince Ribbit hits you!
You hit Prince Ribbit.
Prince Ribbit goes berserk!
Prince Ribbit is lightly wounded.
Prince Ribbit hits you!! Prince Ribbit barely misses you.
Prince Ribbit hits you!!
* * * LOW HITPOINT WARNING * * *
You thump Prince Ribbit! You freeze Prince Ribbit.
Prince Ribbit is moderately wounded.
Prince Ribbit hits you.
* * * LOW HITPOINT WARNING * * *
Prince Ribbit hits you but does no damage.
You sock Prince Ribbit!
You feel better.
Prince Ribbit is heavily wounded.
Prince Ribbit hits you!!
You die...

## . .### ## ..# ##. ...
#.. #.#####.##### #.#
#......F....# # #.#
#@#.# #.###.#
.#####.#.#####........#
........................
..#######.#####...####..
#.....#.........
#####.#......#[#
#.#....###..
#.#.........
###########.#...#.###.


You could see Prince Ribbit (berserk).

Vanquished Creatures
  Sigmund (D:5)
  Edmund (D:5)
  3 phantoms (D:4)
  The ghost of Chiseanne the Magician, a weakling DsWz (D:3)
  A gnoll shaman (D:5)
  Crazy Yiuf (D:3)
  3 orc wizards
  6 gnolls
  An adder (D:3)
  An ooze (D:2)
  A worm (D:2)
  3 dart slugs (D:1)
  A leopard gecko (D:1)
  4 orcs
  A ball python (D:2)
  3 giant cockroaches
  4 goblins
  9 hobgoblins
  A quokka (D:3)
  4 bats
  4 frilled lizards
  6 kobolds
  A leopard gecko skeleton (D:4)
  5 rats
66 creatures vanquished.

Notes
Turn   | Place    | Note
-------+----------+-------------------------------------------
     0 | D:1      | dvd the Troll Wanderer began the quest for the Orb.
     0 | D:1      | dvd set off with: a +2 mace, a potion of lignification, a +0 robe, 2 bread rations
     0 | D:1      | Reached XP level 1. HP: 16/16 MP: 1/1
     3 | D:1      | Noticed an electric eel
     3 | D:1      | Noticed an electric eel
   122 | D:1      | Reached XP level 2. HP: 18/24 MP: 2/2
   361 | D:1      | Reached skill level 2 in Maces & Flails
   538 | D:1      | Reached XP level 3. HP: 27/31 MP: 3/3
   959 | D:2      | Found a blossoming altar of Fedhas.
  1474 | D:3      | Noticed Chiseanne's ghost (weakling DsWz)
  1486 | D:3      | Killed Chiseanne's ghost
  1486 | D:3      | Reached XP level 4. HP: 40/40 MP: 4/4
  1720 | D:3      | Found a runed door.
  1724 | D:3      | Noticed Crazy Yiuf
  1732 | D:3      | Killed Crazy Yiuf
  1732 | D:3      | Reached skill level 1 in Fighting
  1732 | D:3      | Reached skill level 3 in Maces & Flails
  2485 | D:4      | Noticed a phantom
  2518 | D:4      | Killed a phantom
  2518 | D:4      | Reached XP level 5. HP: 25/48 MP: 5/5
  2529 | D:4      | Found a snail-covered altar of Cheibriados.
  2529 | D:4      | Noticed a phantom
  2723 | D:4      | Noticed a phantom
  2759 | D:4      | Killed a phantom
  2759 | D:4      | Reached skill level 4 in Maces & Flails
  2759 | D:4      | Reached skill level 1 in Staves
  2759 | D:4      | Reached XP level 6. HP: 45/57 MP: 6/6
  3150 | D:5      | Entered Level 5 of the Dungeon
  3163 | D:5      | Noticed Edmund
  3173 | D:5      | Killed Edmund
  3173 | D:5      | Reached skill level 1 in Stealth
  3173 | D:5      | Reached XP level 7. HP: 63/65 MP: 7/7
  3425 | D:5      | Noticed Sigmund
  3438 | D:5      | Killed Sigmund
  3477 | D:5      | Noticed Prince Ribbit
  3482 | D:5      | Slain by Prince Ribbit

Skill      XL: |  1  2  3  4  5  6  7 |
---------------+----------------------+-----
Throwing       | 2 |  2.1
Maces & Flails | 2 3 4 |  4.1
Dodging        | 3 |  3.9
Fighting       | 1 2 |  2.4
Staves         | 1 2 3 |  3.4
Stealth        | 1 |  1.6
Spellcasting   | |  1.2
Summonings     | |  1.0

Action                   |  1- 3 |  4- 6 |  7- 9 || total
-------------------------+-------+-------+-------++-------
Melee: Mace              |   122 |    12 |       ||   134
       Quarterstaff      |       |    92 |    24 ||   116
Throw: Tomahawk          |       |     1 |       ||     1
  Use: Potion            |     1 |       |       ||     1
 Stab: Paralysed         |       |     4 |       ||     4
  Eat: Chunk             |    19 |    15 |     4 ||    38
Armor: Robe              |    37 |    24 |     4 ||    65
       Skin              |     9 |       |       ||     9
Dodge: Dodged            |    61 |    52 |    13 ||   126
